AoeStats
← gazza17

Oasis

516211467Analyzed
4v4 RM · 12d ago on Oct 25, 2026· 34m 0s· 8 players
Game mode
Random Map
Map size
Large (8 player)
Population
200
Speed
Normal
Resources
Standard
Victory
Conquest
Starting age
Dark Age
Ending age
Imperial Age
RankedLock teamsTeams togetherTeam positionsShared explorationLock speedFull tech treeHidden civsTurbo modeCheats
Victory
Defeat
🇫🇮 Bulgarians · Finland
1111
+15
🇨🇭 Wu · Switzerland
1090
+16
🇩🇪 Japanese · Germany
1068
+17
🇬🇧 Shu · United Kingdom
1029
+18
vs
1157
-19
🇨🇳 Portuguese · China
1096
-17
🇨🇦 Japanese · Canada
1084
-16
🇩🇪 Hindustanis · Germany
1031
-14
ALDANDRONAN
0:36 Loom
11:24 Feudal Age
12:54 Town Watch
13:32 Double-Bit Axe
16:04 Castle Age
14:35 Scale Barding Armor
14:34 Town Watch
15:38 Forging
17:02 Horse Collar
22:53 Husbandry
23:18 Fletching
24:24 Wheelbarrow
25:28 Bloodlines
29:20 Chain Barding Armor
29:39 Heavy Plow
31:40 Iron Casting
31:52 Hand Cart
leonardodavinx
9:10 Loom
11:35 Feudal Age
16:09 Castle Age
15:10 Double-Bit Axe
15:20 Gold Mining
15:52 Stone Mining
22:51 Scale Mail Armor
23:02 Forging
34:29 Imperial Age
gazza17
4:45 Loom
11:14 Feudal Age
16:28 Double-Bit Axe
22:34 Gold Mining
22:43 Fletching
22:53 Padded Archer Armor
22:48 Horse Collar
31:13 Castle Age
31:58 Bodkin Arrow
32:18 Leather Archer Armor
32:11 Thumb Ring
31:45 Crossbowman
34:26 Stone Mining
buua
8:35 Loom
10:20 Feudal Age
12:31 Double-Bit Axe
12:38 Gold Mining
14:28 Wheelbarrow
13:56 Arson
25:54 Castle Age
23:50 Stone Mining
24:57 Scale Mail Armor
25:14 Horse Collar
25:59 Pikeman
26:41 Squires
26:59 Chain Mail Armor
26:54 Gambesons
27:29 Bow Saw
28:02 Gold Shaft Mining
29:14 Forging
30:13 Hand Cart
31:24 Iron Casting
31:45 Scale Barding Armor
32:25 Bloodlines
32:16 Husbandry
33:19 Chain Barding Armor
33:31 Stirrups
Apollo
11:20 Feudal Age
12:38 Loom
15:38 Castle Age
14:35 Double-Bit Axe
14:33 Horse Collar
16:46 Bow Saw
19:28 Crossbowman
20:19 Fletching
21:16 Padded Archer Armor
22:33 Wheelbarrow
23:17 Scale Mail Armor
24:35 Ballistics
24:14 Bodkin Arrow
26:09 Heavy Plow
26:20 Gold Mining
28:10 Leather Archer Armor
28:06 Forging
28:31 Pikeman
29:12 Squires
29:40 Thumb Ring
31:39 Arson
32:50 Stone Mining
DropDongHitBong420
6:40 Loom
9:53 Feudal Age
9:54 Man-at-Arms
10:21 Arson
19:38 Double-Bit Axe
30:04 Horse Collar
31:21 Fletching
35:10 Castle Age
34:13 Forging
34:04 Scale Mail Armor
fatennoite
5:38 Loom
12:17 Feudal Age
17:07 Castle Age
17:38 Forging
18:48 Iron Casting
26:24 Imperial Age
30:10 Chemistry
30:30 Fletching
34:19 Blast Furnace
33:16 Bodkin Arrow
墨染灬青丝丶
6:47 Loom
9:18 Feudal Age
9:47 Double-Bit Axe
9:44 Horse Collar
24:07 Castle Age
25:12 Heavy Plow
25:28 Bow Saw
Connection lost

Rejoining the realm…

Still unreachable

The connection could not be restored.

Session expired

The server has moved on; the page needs a fresh start.